cohdb
Replays
Latest Replays
All Replays
Popular Replays
Top Player Replays
Match Explorer
How It Works
Community
CoH3 Stats
Reddit
Sign in to upload your games and track your stats! →
Sign in with Steam
Match 41940324
Unlisted
Match 41940324
Overview
Messages
Build Orders
End
Kettenkrad Recon Vehicle
Construct Infanterie Kompanie
MG 42 Machine Gun Team
MG 42 Machine Gun Team
Construct Panzergrenadier Kompanie
Panzergrenadier Squad
Panzergrenadier Squad
Medical Station
Pak 40 Anti-tank Gun Team
Construct Panzer Kompanie
Stoßtruppen Squad
Stoßtruppen Squad
Panzer IV Medium Tank
Pioneer Squad
Selects Breakthrough Battlegroup
Selects Breakthrough Battlegroup
Selects Rapid Production
Selects Blitzkrieg
Panzer IV Medium Tank
Blitzkrieg
Blitzkrieg
Selects Tiger Heavy Tank
Tiger Heavy Tank
Panzer Officer Quarters
Charles_XII
Brother
0
0
Comments
sign in to comment!
No comments posted yet!